 Dungeon Crawl Stone Soup version 0.30.0-5-g1a98f26d00 (webtiles) character file.

Game seed: 6865810749620104315

590 qeuew the Covered (level 7, -8/61 HPs)
             Began as a Minotaur Fighter on May 8, 2023.
             Killed by divine providence
             ... invoked by an orc priest
              (11 damage)
             ... on level 5 of the Dungeon.
             The game lasted 00:07:17 (3062 turns).

qeuew the Covered (Minotaur Fighter)                Turns: 3062, Time: 00:07:17

Health: -8/61      AC: 15    Str: 21    XL:     7   Next: 15%
Magic:  6/6        EV: 10    Int:  5    God:
Gold:   141        SH:  5    Dex: 11    Spells: 6/6 levels left

rFire   . . .        a - +1 war axe (protect)
rCold   . . .        c - +0 buckler
rNeg    . . .        b - +1 scale mail
rPois   .            (helmet restricted)
rElec   .            (no cloak)
rCorr   .            (no gloves)
SInv    .            (no boots)
Will    +....        (no amulet) Stlth
                     i - ring of willpower
HPRegen 0.30/turn    (no ring)
MPRegen 0.10/turn

%: no passive effects
@: under a protective aura
A: horns 2, retaliatory headbutt
a: no special abilities


You were on level 5 of the Dungeon.
You visited 1 branch of the dungeon, and saw 5 of its levels.
You also visited: Sewer.

You collected 141 gold pieces.

Inventory:

Hand Weapons
 a - a +1 war axe of protection (weapon)
Armour
 b - a +1 scale mail (worn)
 c - a +0 buckler (worn)
Jewellery
 i - a ring of willpower (left hand)
Wands
 e - a wand of roots (5)
 n - a wand of light (9)
Scrolls
 h - a scroll of blinking
 j - a scroll of enchant weapon
 k - 2 scrolls of teleportation
 l - a scroll of brand weapon
Potions
 d - a potion of might
 f - a potion of invisibility
 g - a potion of haste
 o - a potion of curing


   Skills:
 + Level 5.0 Fighting
 + Level 4.3 Axes
 * Level 6.3 Armour
 + Level 2.9 Dodging
 + Level 5.1 Shields
 + Level 1.5 Evocations


You had 6 spell levels left.
You didn't know any spells.
Your spell library contained the following spells:

 Spells                   Type           Power      Damage    Failure   Level
 Foxfire                  Conj/Fire      0%         2x1d4     86%         1
 Stone Arrow              Conj/Erth      0%         3d7       99%         3
 Animate Armour           Summ/Erth      0%         N/A       100%        4
 Fireball                 Conj/Fire      0%         3d3       100%        5
 Plasma Beam              Fire/Air       0%         2x1d11    100%        6
 Starburst                Conj/Fire      0%         6d3       100%        6
 Lehudib's Crystal Spear  Conj/Erth      0%         10d2      100%        8


Dungeon Overview and Level Annotations

Branches:
Dungeon (5/15)              Sewer (visited)
 Temple: D:4-7

Altars:

Shops:
D:3 (


Innate Abilities, Weirdness & Mutations

You have a pair of horns on your head.
You reflexively headbutt those who attack you in melee.


Message History

You are too injured to fight recklessly!
You are too injured to fight recklessly!
Unknown command.
You barely miss the orc priest.
The orc priest invokes the aid of Beogh against you.
Pain shoots through your body!
* * * LOW HITPOINT WARNING * * *
You slash the orc priest!
The orc priest is heavily wounded.
The orc priest barely misses you. You furiously retaliate!
You headbutt the orc priest!
You kill the orc priest!
Unknown command.
You barely miss the orc. Your headbutt misses the orc.
The orc barely misses you. You furiously retaliate!
You headbutt the orc!
You kill the orc!
Unknown command.
You closely miss the orc priest.
The orc priest looks braver for a moment.
You closely miss the orc priest. Your headbutt misses the orc priest.
The orc priest closely misses you.
You closely miss the orc priest.
The orc priest hits you but does no damage. x2
You hit the orc priest.
Your weapon exudes an aura of protection.
Your headbutt misses the orc priest.
The orc priest is moderately wounded.
The orc priest closely misses you. You furiously retaliate!
You headbutt the orc priest!
You hit the orc priest but do no damage.
Your headbutt misses the orc priest.
The orc priest is almost dead.
The orc priest invokes the aid of Beogh against you.
Beogh smites you!
* * * LOW HITPOINT WARNING * * *
You hit the orc priest but do no damage.
The orc priest is almost dead.
The orc priest calls down the wrath of Beogh upon you.
Beogh smites you!
You die...

#####...########
....'...'.......
..
#..##...########
..# ## +...######
###.#
#........###....#
#........##.....
#........##..#
###...##.....#
......>...##@##
############o#
..# ...# ###.#
#.# #.# #.#


You could see an orc priest.

Vanquished Creatures
  Pargi (Sewer)
  A scorpion (D:5)
  A jelly (D:3)
  3 orc priests
  A hound (D:4)
  Natasha (thrice) (D:2)
  An iguana (D:5)
  Robin (D:2)
  2 gnolls
  3 adders
  An ufetubus (D:5)
  A worm (D:3)
  3 dart slugs
  10 orcs
  10 ball pythons
  10 bats
  7 endoplasms
  4 giant cockroaches
  21 goblins
  7 hobgoblins
  2 jackals (D:3)
  6 kobolds
  4 quokkas
  2 frilled lizards
  8 rats
113 creatures vanquished.

Notes
Turn   | Place    | Note
-------+----------+-------------------------------------------
     0 | D:1      | qeuew the Minotaur Fighter began the quest for the Orb.
     0 | D:1      | Reached XP level 1. HP: 19/19 MP: 0/0
     1 | D:1      | Noticed a tentacled monstrosity
     2 | D:1      | Noticed a large abomination
     7 | D:1      | Noticed an ice dragon
     8 | D:1      | Noticed an orb of fire
     9 | D:1      | Noticed a tentacled monstrosity
    11 | D:1      | Noticed an ice dragon
    11 | D:1      | Noticed an iron dragon
    15 | D:1      | Noticed a green draconian
    15 | D:1      | Noticed an ice dragon
    15 | D:1      | Noticed a shadow dragon
    17 | D:1      | Noticed an orb of fire
    17 | D:1      | Noticed a tentacled monstrosity
    17 | D:1      | Noticed an orb of fire
    19 | D:1      | Noticed an iron dragon
    29 | D:1      | Reached XP level 2. HP: 23/27 MP: 1/1
   108 | D:1      | Reached skill level 4 in Armour
   108 | D:1      | Reached skill level 1 in Dodging
   119 | D:1      | Found a faded altar of an unknown god.
   788 | D:1      | Reached XP level 3. HP: 30/33 MP: 2/2
  1100 | D:2      | Found the +8 storm bow {elec, penet}
  1107 | D:2      | You fall into a shaft and drop 1 floor!
  1150 | D:2      | Noticed Robin
  1164 | D:2      | Reached XP level 4. HP: 14/40 MP: 3/3
  1165 | D:2      | Killed Robin
  1165 | D:2      | Noticed Natasha
  1177 | D:2      | Killed Natasha
  1432 | D:2      | Noticed Natasha
  1445 | D:2      | Killed Natasha
  1446 | D:2      | Reached skill level 5 in Armour
  1446 | D:2      | Reached XP level 5. HP: 46/46 MP: 4/4
  1456 | D:2      | Noticed Natasha
  1464 | D:2      | Killed Natasha
  1586 | D:3      | Found Qesoonwe's Weapon Shoppe.
  1601 | D:3      | HP: 2/70 [orc priest/+0 flail (3)]
  2001 | D:3      | Reached XP level 6. HP: 53/53 MP: 5/5
  2110 | D:3      | Identified the +0 scale mail of Objectivity {-Cast rF+
                  | SInv}
  2627 | D:5      | Entered Level 5 of the Dungeon
  2707 | D:5      | Found a glowing drain.
  2712 | Sewer    | Entered a sewer
  2739 | Sewer    | Noticed Pargi
  2758 | Sewer    | Killed Pargi
  2759 | Sewer    | Reached skill level 6 in Armour
  2759 | Sewer    | Reached skill level 1 in Evocations
  2842 | D:5      | Reached skill level 5 in Shields
  3007 | D:5      | Reached XP level 7. HP: 60/60 MP: 6/6
  3052 | D:5      | Reached skill level 5 in Fighting
  3061 | D:5      | HP: 3/61 [orc priest/divine providence (14)]
  3062 | D:5      | Killed from afar by an orc priest

Illustrated notes

Levels and vault maps discovered:
D:1:      shiori_arrival_whats_in_store_for_you, layout_basic,
          dilly_ecumenical_altar_fadedgnrine
D:2:      cheibrodos_helix_gallery, layout_basic, uniq_natasha, uniq_robin
D:3:      layout_basic, serial_shops, shop
D:4:      layout_rooms
D:5:      layout_basic, general_overflow_altar, grunt_qazlal_clouds,
          kennysheep_little_box, gup_sewer_entry_bowl, kennysheep_minor_cross

Skill      XL: |  1  2  3  4  5  6  7 |
---------------+----------------------+-----
Armour         | 4 5 6 |  6.3
Dodging        | 1 2 |  2.9
Fighting       | 4 5 |  5.0
Shields        | 4 5 |  5.1
Axes           | 3 4 |  4.3
Evocations     | 1 |  1.5

Action                     |  1- 3 |  4- 6 |  7- 9 || total
---------------------------+-------+-------+-------++-------
  Melee: War axe           |    65 |   139 |    16 ||   220
         Headbutt          |     8 |     7 |     2 ||    17
    Use: Scroll            |     6 |    11 |       ||    17
         Potion            |       |     3 |       ||     3
 Armour: Scale mail        |    42 |    81 |     3 ||   126
         Skin              |       |    23 |       ||    23
  Dodge: Dodged            |    33 |    95 |     6 ||   134
  Block: Buckler           |    11 |    44 |     2 ||    57
